 Dungeon Crawl Stone Soup version 0.21.1-1-g345015f (webtiles) character file.

184 Fang the Chopper (level 5, -5/49 HPs)
             Began as a Gargoyle Berserker on May 17, 2018.
             Was a Believer of Trog.
             Killed from afar by Blork the orc (10 damage)
             ... with a puff of flame
             ... on level 4 of the Dungeon.
             The game lasted 00:02:12 (1892 turns).

Fang the Chopper (Gargoyle Berserker)               Turns: 1892, Time: 00:02:13

Health: -5/49      AC:  6    Str: 26    XL:     5   Next: 64%
Magic:  5/5        EV: 12    Int:  8    God:    Trog [**....]
Gold:   104        SH:  0    Dex:  9    Spells: 4/4 levels left

rFire    . . .     SeeInvis .   a - +0 hand axe
rCold    . . .     Gourm    .   (no shield)
rNeg     + . .     Faith    .   b - +0 animal skin
rPois    ∞         Spirit   .   (no helmet)
rElec    +         Reflect  .   (no cloak)
rCorr    .         Harm     .   (no gloves)
MR       .....                  (no boots)
Stlth    ..........             (no amulet)
HPRegen  0.16/turn              (no ring)
MPRegen  0.09/turn              (no ring)

@: berserking, very quick
A: negative energy resistance 1, electricity resistance, unbreathing,
petrification resistance, rot immunity, AC +4
a: Berserk, Trog's Hand, Burn Spellbooks, Renounce Religion


You were on level 4 of the Dungeon.
You worshipped Trog.
Trog was pleased with you.
You were near starving.

You visited 1 branch of the dungeon, and saw 3 of its levels.

You collected 104 gold pieces.

Inventory:

Hand Weapons
 a - a +0 hand axe (weapon)
Armour
 b - a +0 animal skin (worn)
Scrolls
 e - 2 scrolls of remove curse {unknown}
 f - a scroll of blinking {unknown}
 h - 3 scrolls of enchant armour {unknown}
 i - 2 scrolls of identify {unknown}
 j - a scroll of amnesia {unknown}
 k - a scroll of magic mapping {unknown}
 n - a scroll of random uselessness {unknown}
Potions
 d - a potion of mutation {unknown}
 g - a potion of curing {unknown}
 l - a potion of cancellation {unknown}
 m - a potion of brilliance {unknown}
 o - a potion of haste {unknown}
Comestibles
 c - 3 rations


   Skills:
 + Level 4.1 Fighting
 + Level 4.5 Axes
 + Level 2.2 Armour
 + Level 2.1 Dodging
 + Level 1.9 Stealth


You had 4 spell levels left.
You didn't know any spells.

Dungeon Overview and Level Annotations

Branches:
Dungeon (2/15)

Altars:

Annotations:
D:4 Blork the orc


Innate Abilities, Weirdness & Mutations

You are resistant to torment.
Your stone body is resilient. (AC +4)
You are immune to poison.
You resist negative energy. (rN+)
You are resistant to electric shocks. (rElec)
You can survive without breathing.
You are immune to petrification.
You are immune to rotting.


Message History

The orc closely misses you.
You slash the ogre!
You feel the power of Trog in you as your rage grows.
You kill the ogre!
Trog accepts your kill.
Your Fighting skill increases to level 4!
Your Dodging skill increases to level 2!
You have reached level 5!
You hit the orc.
You kill the orc!
Trog accepts your kill. Something hits you!
* * * LOW HITPOINT WARNING * * *
You see here a short sword.
Unknown command.
You feel a strong urge to attack something.
You hear some strange, mumbled words.
A puff of flame appears from out of thin air!
The puff of flame hits you!
You die...

#......... ....
.....#...##....
.....>.........
.............
............ ...
..........# ....
..........# ....
$.......@).#.....
........)).#.....
......#.).......
#<....+().......
#.#.###.........
# #..........$..
#.............
##.........#..
..............+..


There were no monsters in sight!

Vanquished Creatures
  An ogre (D:4)
  A worker ant zombie (D:2)
  3 gnolls (D:2)
  An ooze (D:1)
  An adder skeleton (D:2)
  2 worms (D:2)
  A leopard gecko (D:2)
  4 orcs (D:4)
  A bat zombie (D:2)
  3 giant cockroaches
  5 goblins
  4 hobgoblins
  A quokka (D:2)
  A ball python (D:2)
  3 bats (D:1)
  2 frilled lizards
  A jackal skeleton (D:2)
  4 kobolds
  A quokka skeleton (D:2)
  A quokka zombie (D:2)
  6 rats
47 creatures vanquished.

Notes
Turn   | Place    | Note
-------+----------+-------------------------------------------
     0 | D:1      | Fang the Gargoyle Berserker began the quest for the Orb.
     0 | D:1      | Reached XP level 1. HP: 14/14 MP: 1/1
   167 | D:1      | Reached XP level 2. HP: 16/19 MP: 2/2
   667 | D:1      | Reached XP level 3. HP: 22/24 MP: 3/3
   721 | D:1      | Reached ** piety under Trog
   763 | D:2      | Reached skill level 1 in Stealth
  1055 | D:2      | Reached XP level 4. HP: 29/29 MP: 4/4
  1062 | D:2      | Found a faded altar of an unknown god.
  1874 | D:2      | You fall through a shaft for 2 floors!
  1874 | D:4      | Noticed an ogre
  1884 | D:4      | Noticed Blork the orc
  1890 | D:4      | Killed an ogre
  1890 | D:4      | Reached XP level 5. HP: 11/33 MP: 5/5
  1892 | D:4      | Killed from afar by Blork the orc

Skill      XL: |  1  2  3  4 |
---------------+-------------+-----
Axes           | 3 4 |  4.5
Stealth        | 1 |  1.9
Fighting       | 4 |  4.1
Dodging        | 2 |  2.1
Armour         | |  2.2

Action                   |  1- 3 |  4- 6 || total
-------------------------+-------+-------++-------
Melee: Hand axe          |    67 |    77 ||   144
Invok: Berserk           |     1 |     1 ||     2
 Stab: Sleeping          |     2 |       ||     2
  Eat: Chunk             |     1 |     2 ||     3
Armor: Animal skin       |    22 |    29 ||    51
Dodge: Dodged            |    44 |    49 ||    93
